 Dungeon Crawl Stone Soup version 0.24-a0-244-ga6a6ab7 (webtiles) character file.

Game seed: 15129793062543778926

3680 Ijustatesigmund the Chopper (level 10, -1/71 HPs)
             Began as an Octopode Fighter on Apr 11, 2019.
             Was an Initiate of Cheibriados.
             Slain by a two-headed ogre
             ... wielding a +0 giant club
              (10 damage)
             ... on level 8 of the Dungeon.
             The game lasted 00:14:06 (9322 turns).

Ijustatesigmund the Chopper (Octopode Fighter)      Turns: 9322, Time: 00:14:08

Health: -1/71      AC:  3    Str: 16    XL:     10   Next: 13%
Magic:  13/13      EV: 15    Int: 11    God:    Cheibriados [......]
Gold:   114        SH: 10    Dex: 17    Spells: 9/9 levels left

rFire    . . .     SeeInvis .   a - +2 war axe (venom)
rCold    . . .     Gourm    .   b - +0 shield
rNeg     . . .     Faith    .   p - +2 hat
rPois    .         Spirit   .   (no amulet)
rElec    .         Reflect  .   (no ring)
rCorr    .         Harm     .   (no ring)
MR       .....                  (no ring)
Stlth    +++++.....             (no ring)
HPRegen  0.21/turn              (no ring)
MPRegen  0.13/turn              (no ring)
                                (no ring)
                                (no ring)

@: slowed, very slow
A: almost no armour, stealthy swim, amphibious, 8 rings, constrict 8, camouflage
1, gelatinous body 1
a: Bend Time, Renounce Religion


You were on level 8 of the Dungeon.
You worshipped Cheibriados.
Cheibriados was noncommittal.
You were hungry.

You visited 2 branches of the dungeon, and saw 9 of its levels.

You collected 376 gold pieces.
You spent 262 gold pieces at shops.

Inventory:

Hand Weapons
 a - a +2 war axe of venom (weapon)
 q - a +2 flail of protection
 r - a +0 broad axe
Armour
 b - a +0 shield (worn)
 p - a +2 hat (worn)
Jewellery
 n - a +2 ring of intelligence {unknown}
 t - a +5 ring of intelligence {unknown}
Wands
 f - a wand of paralysis (8)
 s - a wand of acid (5)
Scrolls
 g - 5 scrolls of remove curse
 h - 4 scrolls of amnesia
 l - 3 scrolls of immolation
Potions
 c - a potion of flight {unknown}
 d - a potion of brilliance
 e - a potion of degeneration {unknown}
 o - a potion of agility {unknown}
Comestibles
 i - 7 rations


   Skills:
 - Level 7.4 Fighting
 - Level 7.6 Axes
 - Level 5.6 Dodging
 - Level 7.0 Stealth
 + Level 6.6 Shields
 + Level 4.6 Invocations


You had 9 spell levels left.
You didn't know any spells.
Your spell library contained the following spells:

 Spells                   Type           Power        Failure   Level  Hunger
 Animate Skeleton         Necr           N/A          71%         1    ##.....
 Confusing Touch          Hex            #.....       71%         1    ##.....
 Corona                   Hex            #......      71%         1    ##.....
 Pain                     Necr           #...         71%         1    ##.....
 Sandblast                Erth           #.....       71%         1    ##.....
 Passwall                 Tmut/Erth      #.......     83%         2    ###....
 Slow                     Hex            #.......     83%         2    ###....
 Confuse                  Hex            #.......     97%         3    ####...
 Gell's Gravitas          Tloc           #.........   97%         3    ####...
 Inner Flame              Hex/Fire       #.......     97%         3    ####...
 Portal Projectile        Hex/Tloc       #.....       97%         3    ####...
 Regeneration             Chrm/Necr      #.........   97%         3    ####...
 Stone Arrow              Conj/Erth      #.....       97%         3    ####...
 Vampiric Draining        Necr           #.........   97%         3    ####...
 Animate Dead             Necr           N/A          100%        4    #####..
 Cause Fear               Hex            #.........   100%        4    #####..
 Leda's Liquefaction      Hex/Erth       #.........   100%        4    #####..
 Petrify                  Tmut/Erth      #.......     100%        4    #####..
 Lee's Rapid Deconstruct  Erth           #.........   100%        5    ######.
 Metabolic Englaciation   Hex/Ice        #.........   100%        5    ######.
 Yara's Violent Unravell  Hex/Tmut       #.........   100%        5    ######.


Dungeon Overview and Level Annotations

Branches:
Dungeon (8/15)             Temple (1/1) D:6
   Lair: D:8-11

Altars:
Cheibriados
Dithmenos
Elyvilon
Fedhas
Gozag
Kikubaaqudgha
Makhleb
Nemelex Xobeh
Okawaru
Qazlal
Ru
Sif Muna
Trog
Uskayaw
Vehumet
Wu Jian
Xom
Yredelemnul
The Shining One

Shops:
D:6 [   D:7 (

Annotations:
D:8 Erica, Grum


Innate Abilities, Weirdness & Mutations

You cannot wear most types of armour.
You are very stealthy in the water. (Stealth+)
You are amphibious.
You can wear up to eight rings at the same time.
You can use your tentacles to constrict eight enemies at once.
Your skin changes colour to match your surroundings (Stealth+).
Your rubbery body absorbs attacks. (AC +1, EV +1)


Message History

You block the two-headed ogre's attack. The two-headed ogre misses you.
You block Erica's attack. You block the bullfrog's attack.
You feel better. The bullfrog misses you.
The two-headed ogre hits you with a +0 giant club! x2
Erica casts a spell at you.
You feel as though you will be slow longer.
The bullfrog closely misses you. You block Erica's attack.
You slash the two-headed ogre!
The two-headed ogre is heavily wounded.
You barely miss the bullfrog. You hit Erica.
Erica is poisoned.
You block the bullfrog's attack. The two-headed ogre misses you.
The two-headed ogre barely misses you. You block the bullfrog's attack.
Erica hits you with a +2 scimitar of flaming!
* * * LOW HITPOINT WARNING * * *
Erica burns you.
* * * LOW HITPOINT WARNING * * *
The bullfrog completely misses you.
A shadow imp comes into view.
The two-headed ogre hits you with a +0 giant club!
You die...

...5.......
.......?.
#............
#...........#+##
#....#.........
#....+.Z.......
####....##O@......
........#.@F...#
...............#
...≈≈.....?....#
..≈≈≈≈≈........#
...≈≈≈≈........#
....≈≈≈≈...###.#
...............#
...#..##...#####
..........<#


You could see Erica, a two-headed ogre, a bullfrog, a shadow imp (wandering) and
a centaur zombie.

Vanquished Creatures
  A troll (D:7)
  A hippogriff (D:7)
  4 hogs (D:7)
  A human (D:7)
  Eustachio (D:5)
  Duvessa (D:6)
  A sky beast (D:6)
  A black bear (D:7)
  A phantom (D:8)
  2 eyes of draining (D:5)
  2 wolves (D:8)
  2 centaurs
  2 ogres
  3 bullfrogs
  Dowan (D:6)
  2 scorpions (D:4)
  A water moccasin skeleton (D:5)
  An electric eel (D:8)
  A howler monkey (D:6)
  5 crimson imps
  A hound (D:7)
  3 bullfrog zombies
  A quasit (D:7)
  A centaur zombie (D:6)
  An orc priest (D:4)
  A jelly (D:6)
  2 orc wizards
  4 worker ants
  Robin (D:4)
  A hound skeleton (D:6)
  13 adders
  7 gnolls
  2 shadow imps
  2 oozes (D:3)
  2 adder zombies
  An adder skeleton (D:4)
  4 worms
  2 dart slugs
  4 leopard geckos
  19 orcs
  6 bats
  7 giant cockroaches
  14 goblins
  10 hobgoblins
  11 jackals
  6 kobolds
  7 quokkas
  2 frilled lizards
  A leopard gecko skeleton (D:6)
  6 rats
176 creatures vanquished.

Notes
Turn   | Place    | Note
-------+----------+-------------------------------------------
     0 | D:1      | Ijustatesigmund the Octopode Fighter began the quest for
                  | the Orb.
     0 | D:1      | Reached XP level 1. HP: 16/16 MP: 1/1
   192 | D:1      | Reached XP level 2. HP: 21/21 MP: 2/2
   837 | D:2      | Reached XP level 3. HP: 21/26 MP: 3/3
  1188 | D:2      | Reached XP level 4. HP: 25/32 MP: 4/4
  1707 | D:2      | Found a burning altar of Makhleb.
  2324 | D:3      | Found a stormy altar of Qazlal.
  2329 | D:3      | Reached XP level 5. HP: 29/37 MP: 5/5
  2931 | D:3      | You fall through a shaft!
  3268 | D:4      | Reached XP level 6. HP: 41/44 MP: 6/6
  3275 | D:4      | Reached skill level 5 in Axes
  3350 | D:4      | Noticed Robin
  3359 | D:4      | Killed Robin
  3923 | D:5      | Entered Level 5 of the Dungeon
  3950 | D:5      | Reached skill level 5 in Fighting
  3950 | D:5      | Reached XP level 7. HP: 31/50 MP: 7/7
  4636 | D:5      | Found a bloodstained altar of Trog.
  4643 | D:5      | Reached XP level 8. HP: 56/56 MP: 1/8
  5052 | D:5      | Reached skill level 5 in Stealth
  5052 | D:5      | Noticed Eustachio
  5063 | D:5      | Killed Eustachio
  5794 | D:6      | Noticed Dowan
  5797 | D:6      | Noticed Duvessa
  5807 | D:6      | Killed Duvessa
  5816 | D:6      | Killed Dowan
  6066 | D:6      | Found Lucad's Antique Armour Boutique.
  6113 | D:6      | Found an iron altar of Okawaru.
  6252 | D:6      | Reached XP level 9. HP: 59/63 MP: 9/9
  6333 | D:6      | Found a sacrificial altar of Ru.
  6594 | D:6      | Found a staircase to the Ecumenical Temple.
  7169 | Temple   | Entered the Ecumenical Temple
  7302 | D:7      | Found Luufupor's Antique Weapon Shoppe.
  7315 | D:7      | Bought a runed flail for 162 gold pieces
  7315 | D:7      | Bought a broad axe for 100 gold pieces
  7469 | D:7      | Noticed a troll
  7475 | D:7      | Killed a troll
  7475 | D:7      | Reached skill level 5 in Dodging
  7911 | D:7      | Found a shimmering altar of Xom.
  8079 | D:7      | Found an ancient bone altar of Kikubaaqudgha.
  8079 | D:7      | Found a faded altar of an unknown god.
  8084 | D:7      | Found a faded altar of an unknown god.
  8086 | D:7      | Found a snail-covered altar of Cheibriados.
  8088 | D:7      | Found a shadowy altar of Dithmenos.
  8097 | D:7      | Became a worshipper of Cheibriados the Contemplative
  8397 | D:7      | Reached skill level 5 in Shields
  8397 | D:7      | Reached skill level 1 in Invocations
  8421 | D:7      | HP: 2/64 [hog (12)]
  8422 | D:7      | Reached XP level 10. HP: 2/71 MP: 10/12
  8884 | D:8      | Noticed Grum
  9314 | D:8      | Noticed Erica
  9315 | D:8      | Noticed a two-headed ogre
  9322 | D:8      | Slain by a two-headed ogre

Levels and vault maps discovered:
D:1:      dpeg_arrival_refuge, layout_basic, due_unseen_surprise
D:2:      kb_forest_paths, layout_rooms, overflow_temple_1_default,
          kennysheep_generic_room_2
D:3:      wander_river, layout_loops_corners, old_standard_altar
D:4:      layout_loops_corners, first_ration, minmay_manual_moon, uniq_robin
D:5:      layout_layer_cave, trog_eyes_of_draining, uniq_eustachio
D:6:      layout_layer_cave, nicolae_ru_the_path_less_chosen, okawaru_trees_1,
          minmay_temple_entry_slanted, serial_shops, shop_fountains,
          uniq_duvessa
D:7:      layout_loops_ring, chequers_temple_overflow_minitemple,
          lemuel_crystal_altar, serial_shops, nicolae_shop_statue_plus,
          grunt_livestock
D:8:      layout_basic, zin_treasury, uniq_grum, uniq_erica, uniq_prince_ribbit1
Temple:   compressed_dpeg_circular_temple

Skill      XL: |  1  2  3  4  5  6  7  8  9 10 |
---------------+-------------------------------+-----
Axes           | 3 4 5 6 7 |  7.6
Fighting       | 4 5 6 7 |  7.4
Shields        | 4 6 |  6.6
Stealth        | 3 7 |  7.0
Dodging        | 4 5 |  5.6
Invocations    | 3 4 |  4.6

Action                   |  1- 3 |  4- 6 |  7- 9 | 10-12 || total
-------------------------+-------+-------+-------+-------++-------
Melee: War axe           |    63 |   115 |   170 |    30 ||   378
       Constrict         |    18 |    30 |    35 |     2 ||    85
       Tentacles         |     9 |    25 |    29 |     5 ||    68
Evoke: Wand              |       |       |     6 |     1 ||     7
  Use: Scroll            |     6 |     3 |     3 |       ||    12
       Potion            |       |       |     5 |     2 ||     7
 Stab: Sleeping          |     4 |     8 |    13 |     1 ||    26
       Distracted        |       |       |     1 |       ||     1
       Paralysed         |       |       |     4 |     1 ||     5
  Eat: Chunk             |       |     4 |     9 |     3 ||    16
       Ration            |       |     2 |     1 |       ||     3
Armor: Skin              |     4 |     4 |    16 |     2 ||    26
Dodge: Dodged            |    31 |    41 |    68 |    17 ||   157
Block: Shield            |    24 |    50 |    69 |    22 ||   165

Table legend:
 A = Non-vault XP
 B = Vault XP
 C = Vault XP percentage of total XP
 D = Non-vault monster count
 E = Vault monster count
 F = Vault count percentage of total count
                 A         B        C        D         E       F
            +---------+---------+-------+---------+---------+-------
      Total |    3210 |    2048 |  39.0 |     142 |      34 |  19.3
            +---------+---------+-------+---------+---------+-------
        D:1 |      29 |       0 |   0.0 |      15 |       0 |   0.0
        D:2 |      78 |       9 |  10.3 |      17 |       5 |  22.7
        D:3 |     193 |       0 |   0.0 |      34 |       0 |   0.0
        D:4 |     128 |     170 |  57.0 |       8 |      15 |  65.2
        D:5 |     634 |     435 |  40.7 |      16 |       5 |  23.8
        D:6 |     793 |     225 |  22.1 |      21 |       2 |   8.7
        D:7 |    1075 |     977 |  47.6 |      27 |       5 |  15.6
        D:8 |     280 |     232 |  45.3 |       4 |       2 |  33.3
            +---------+---------+-------+---------+---------+-------
